 Dungeon Crawl Stone Soup version 0.20.0-15-g7f486f2 (webtiles) character file.

687420 Chiseanne the Impregnable (level 27, -1/197 HPs)
             Began as a Demonspawn Wanderer on June 10, 2017.
             Was an Initiate of Gozag.
             Killed by divine providence
             ... invoked by a balrug
              (13 damage)
             ... on level 5 of the Realm of Zot.
             The game lasted 03:59:52 (81193 turns).

Chiseanne the Impregnable (Demonspawn Wanderer)    Turns: 81193, Time: 03:59:53

Health: -1/197     AC: 56    Str: 19    XL:     27
Magic:  0/31       EV: 16    Int: 23    God:    Gozag
Gold:   264        SH: 36    Dex: 31    Spells: 32/37 levels left

rFire    + + +     SeeInvis +   a - +7 broad axe (freeze)
rCold    + + .     Gourm    .   B - +8 large shield
rNeg     + . .     Faith    .   h - +9 scales of the Dragon King {rPois rF+ rC+ MR+}
rPois    +         Spirit   +   R - +3 crown of Dyrovepreva {rElec Int+2 SInv}
rElec    +         Reflect  +   O - scarf {repulsion}
rCorr    +         Harm     .   H - +1 pair of gloves of the Inquisitive Wars {Regen+}
MR       +++..                  (boots unavailable)
Stlth    ..........             u - amulet "Kuosisua" {Reflect rPois Int+3 SH+3}
Regen    1.3/turn               D - ring of the Original Sin {AC+5 Str+2 Dex+3}
MPRegen  0.5/turn               i - ring "Roupn" {rF- rN+ Int+3 Dex+8 SInv}

@: resistant, gold aura, sanguine armour, flying, drained, repel missiles
A: hooves 3, agile 1, dopey 1, fire resistance 2, hurl damnation, mutation
resistance 1, regeneration 1, screaming 1, spiny 3, magic shield, magic
regeneration, magic link, flame cloud immunity, sanguine armour 3
0: Orb of Zot
}: 4/15 runes: decaying, slimy, silver, gossamer
a: Hurl Damnation, Potion Petition, Call Merchant, Bribe Branch, Renounce
Religion


You were on level 5 of the Realm of Zot.
You worshipped Gozag.
Gozag was aware of your devotion.
You were not hungry.

You visited 12 branches of the dungeon, and saw 58 of its levels.
You visited the Abyss 1 time.
You visited 1 ziggurat, and saw 11 of its levels.
You also visited: Labyrinth, Ice Cave and Volcano.

You collected 35552 gold pieces.
You spent 13147 gold pieces at shops.
You paid 22141 gold pieces to Gozag.

Inventory:

Hand Weapons
 a - a +7 broad axe of freezing (weapon)
 d - a +3 morningstar of protection
 s - a +1 broad axe of flaming
 w - a +4 blowgun
Missiles
 m - 9 curare-tipped needles
 t - 5 poisoned javelins (quivered)
 y - 4 throwing nets {!*}
 N - 14 javelins
Armour
 h - the +9 scales of the Dragon King (worn) {rPois rF+ rC+ MR+}
   (You bought it in a shop on level 15 of the Dungeon)

   It protects you from fire.
   It protects you from cold.
   It protects you from poison.
   It affects your resistance to hostile enchantments.
 B - a +8 large shield (worn)
 H - the +1 pair of gloves of the Inquisitive Wars (worn) {Regen+}
   (You bought it in a shop on level 2 of the Orcish Mines)

   It increases your rate of regeneration.
 O - a scarf of repulsion (worn)
 R - the +3 crown of Dyrovepreva (worn) {rElec Int+2 SInv}
   (You bought it in a shop on level 3 of the Vaults)

   It affects your intelligence (+2).
   It insulates you from electricity.
   It lets you see invisible.
Jewellery
 i - the ring "Roupn" (right hand) {rF- rN+ Int+3 Dex+8 SInv}
   (You found it on level 11 of a ziggurat)

   [ring of intelligence]

   It affects your intelligence (+3).
   It affects your dexterity (+8).
   It makes you vulnerable to fire.
   It protects you from negative energy.
   It lets you see invisible.
 u - the amulet "Kuosisua" (around neck) {Reflect rPois Int+3 SH+3}
   (You bought it in a shop on level 12 of the Dungeon)

   [amulet of reflection]

   It shields you and reflects attacks.
   It affects your intelligence (+3).
   It protects you from poison.
   It affects your SH (+3).
 D - the ring of the Original Sin (left hand) {AC+5 Str+2 Dex+3}
   (You found it on level 14 of the Dungeon)

   [ring of protection]

   It affects your AC (+5).
   It affects your strength (+2).
   It affects your dexterity (+3).
Wands
 c - a wand of digging (0/24)
 e - a wand of iceblast (8/15)
 k - a wand of paralysis (0/24)
 v - a wand of lightning (0/15)
 C - a wand of lightning (4/15)
 L - a wand of iceblast (0/15)
 U - a wand of confusion (0/48)
Scrolls
 b - 14 scrolls of teleportation
 j - 3 scrolls of immolation
 n - 6 scrolls of fear
 q - 29 scrolls of remove curse
 r - 2 scrolls of enchant armour
 J - 8 scrolls of magic mapping
 Q - 9 scrolls of fog
 X - 14 scrolls of identify
 Z - 18 scrolls of recharging
Potions
 o - 6 potions of flight
 p - 7 potions of mutation
 z - 9 potions of curing
 K - 6 potions of cancellation
 W - a potion of resistance
Miscellaneous
 g - a fan of gales
 x - a phial of floods
 E - a sack of spiders
 G - a lightning rod (4/4)
 Y - a lamp of fire
Comestibles
 l - 22 meat rations


   Skills:
 - Level 12.1(11.8) Fighting
 - Level 21.2(20.9) Axes
   Level 1.0(0.7) Staves
 - Level 4.7(4.5) Throwing
 * Level 23.7(23.3) Armour
 * Level 17.5(17.2) Dodging
 * Level 23.1(22.8) Shields
 - Level 5.5(5.3) Spellcasting
 - Level 5.3(5.1) Evocations


You had 32 spell levels left.
You knew the following spells:

 Your Spells              Type           Power        Failure   Level  Hunger
a - Apportation           Tloc           #.....       94%         1    None
b - Lesser Beckoning      Tloc           #.........   100%        3    ##.....
c - Summon Butterflies    Summ           #.......     94%         1    None


Dungeon Overview and Level Annotations

Branches:
Dungeon (15/15)            Temple (1/1) D:4            Lair (6/6) D:9
  Swamp (4/4) Lair:3       Spider (4/4) Lair:3        Slime (5/5) Lair:6
    Orc (2/2) D:12            Elf (3/3) Orc:2        Vaults (5/5) D:13
  Crypt (3/3) Vaults:3       Tomb (0/3) Crypt:3      Depths (5/5) D:15
    Zot (5/5) Depths:5

Altars:
Ashenzari
Cheibriados
Dithmenos
Elyvilon
Fedhas
Gozag
Hepliaklqana
Kikubaaqudgha
Makhleb
Nemelex Xobeh
Okawaru
Qazlal
Ru
Sif Muna
Trog
Uskayaw
Vehumet
Xom
Yredelemnul
Zin
The Shining One
Beogh
Jiyva

Shops:
D:4 =   D:8 [(   D:12 =   D:13 [   D:14 [*   D:15 ((([[(([=   Orc:1 [
Orc:2 %[?}   Vaults:3 [   Vaults:4 [   Vaults:5 [   Depths:4 =}=

Portals:
Hell: Depths:1 Depths:2 Depths:3 Depths:4 Depths:5
Abyss: Depths:2 Depths:4
Pandemonium: Depths:3

Annotations:
Elf:2 3 runed doors


Innate Abilities, Weirdness & Mutations

You have hooves in place of feet.
Your flesh is very heat resistant. (rF++)
You can hurl damnation.
You are completely covered in sharp spines.
When hurt, damage is shared between your health and your magic reserves.
You regenerate magic rapidly.
When low on magic, you restore magic in place of health.
You are immune to clouds of flame.
When seriously injured, your bleeding wounds create very thick armour. (AC +12)
You are agile. (Dex +2)
You are dopey. (Int -2)
You are somewhat resistant to further mutation.
Your natural rate of healing is unusually fast.
You occasionally shout uncontrollably at your foes.


Message History

You partially resist.
You feel drained.
* * * LOW HITPOINT WARNING * * *
The ghostly fireball engulfs the balrug.
The balrug completely resists.
The ghostly fireball engulfs the shadow imp.
The shadow imp completely resists.
The blizzard demon shouts!
Okay, then.
You feel better.
The blizzard demon is no longer distracted by gold.
The balrug gestures at you.
The sticky flame is repelled.
You hear a distant "Zot"!
The soul eater draws from the surrounding life force!
* * * LOW HITPOINT WARNING * * *
You block the shadow imp's attack. The balrug gestures at you.
Makhleb smites you!
You die...
Your body crumbles into a pile of gold.

▓▓......................#
▓▓........2..........▓##
▓▓...........^...▓▓▓▓
▓▓..x..##▓▓▓▓▓▓▓▓▓▓▓#
##.......^.......^^..##
##....33...)......##....
##.....65...........###..
#.......2...2........###.
#.......@............# ##
#..).................# #
#....................# #
#..(.................#
#....................# #
##.........^........## #
##................## ##
##..............## #.
*############### ##


You could see a balrug (burning), a blizzard demon, a gelid blood saint, a soul
eater, a sixfirhy, a small abomination and a shadow imp.

Vanquished Creatures
  the Royal Jelly (Slime:5)
  Dissolution (Slime:3)
  5 orbs of fire (Zot:5)
  2 ancient liches
  Mara (Crypt:3)
  A juggernaut (Depths:4)
  Bai Suzhen (Elf:3)
  Frederick (Vaults:4)
  3 Killer Klowns
  3 caustic shrikes (Depths:2)
  Nikola (Elf:1)
  3 profane servitors
  3 golden dragons
  4 liches
  2 bone dragons
  2 electric golems
  Jorgrun (Depths:4)
  11 tentacled monstrosities
  2 pandemonium lords
  6 Orb Guardians (Zot:5)
  An Ice Fiend (Zot:5)
  2 deep elf master archers (Elf:3)
  A titan (Vaults:5)
  A death cob (Zot:3)
  4 deep elf blademasters
  51 acid blobs
  A sphinx (Depths:4)
  Gastronok (Lair:1)
  A quicksilver dragon (Vaults:5)
  An Executioner (Zig:11)
  4 ancient champions (Crypt:3)
  A thorn hunter (Swamp:1)
  8 tengu reavers
  3 tentacled starspawn
  11 shadow dragons
  6 storm dragons
  A revenant (Crypt:3)
  Agnes (Elf:2)
  Kirke (Elf:1)
  49 azure jellies
  2 nagarajas (Zig:10)
  A draconian monk (Zot:3)
  4 ghost moths
  A draconian knight (Zot:3)
  11 fire giants
  12 deep elf sorcerers
  6 emperor scorpions
  8 frost giants
  3 draconian scorchers
  4 ghouls (Crypt:3)
  Aizul (Depths:2)
  2 cacodemons
  12 vault wardens
  A curse skull (Crypt:3)
  4 deep elf elementalists
  A draconian shifter (Zot:3)
  Louise (Depths:4)
  A balrug (Depths:1)
  4 spriggan defenders
  2 reapers
  4 draconian annihilators
  11 ironheart preservers
  26 stone giants
  25 very ugly things
  2 entropy weavers
  3 war gargoyles (Vaults:5)
  2 green draconians
  5 black draconians
  A starcursed mass (Abyss:4)
  8 vampire knights
  A black sun (Zig:6)
  An entropy weaver (shapeshifter) (Depths:2)
  9 deep elf annihilators
  9 deep elf demonologists
  2 white draconians
  A dire elephant (shapeshifter) (Zig:8)
  A dire elephant (D:15)
  2 purple draconians
  Snorg (D:14)
  4 spark wasps
  A red draconian (Zot:2)
  A spectral titan (Crypt:3)
  3 crystal guardians
  3 yellow draconians
  2 blizzard demons (IceCv)
  14 ettins
  An eidolon (Vaults:3)
  19 yaktaur captains
  20 great orbs of eyes
  26 death oozes
  15 jiangshi (Crypt:3)
  11 deep elf death magi
  A great orb of eyes (shapeshifter) (Abyss:4)
  2 green deaths (Swamp:4)
  6 fire dragons
  5 deep elf high priests
  A minotaur (Lab)
  20 ice dragons
  7 rakshasas
  29 vault guards
  19 hydras
  A hydra (shapeshifter) (Abyss:4)
  5 spriggan air magi
  41 two-headed ogres
  A ghost crab (Swamp:4)
  2 naga warriors (Zig:10)
  5 centaur warriors
  A catoblepas (D:15)
  5 death knights
  13 ogre magi
  4 vampire magi
  11 tengu warriors
  2 alligators
  20 deep troll shamans
  21 deep troll earth magi
  5 thrashing horrors
  7 spriggan berserkers
  17 hell knights
  12 deep elf knights
  Sonja (D:13)
  Nergalle (Orc:2)
  8 iron trolls
  2 naga sharpshooters (Zig:10)
  A titan skeleton (Depths:5)
  2 sun demons (Depths:1)
  6 shadow wraiths
  53 deep trolls
  3 sixfirhies
  2 soul eaters
  A wretched star (Abyss:4)
  36 skeletal warriors
  3 unseen horrors (D:12)
  6 flayed ghosts
  3 glowing orange brains
  8 swamp dragons
  2 spriggan druids (Swamp:3)
  A glowing orange brain (shapeshifter) (Vaults:5)
  6 wizards
  15 large abominations
  A gelid demonspawn (Zot:5)
  A shadow dragon zombie (Crypt:3)
  A torturous demonspawn (Zig:6)
  2 shadow demons (Zig:6)
  4 shambling mangroves
  A wolf spider zombie (D:15)
  A tengu zombie (Depths:4)
  17 orb spiders
  An orange crystal statue (Vaults:4)
  2 phantasmal warriors
  17 deep elf archers
  2 naga ritualists (Zig:10)
  A sphinx zombie (Depths:4)
  15 ironbrand convokers
  7 necromancers
  8 orc sorcerers
  A lindwurm (Lair:6)
  2 golden dragon skeletons
  A shadow dragon skeleton (Crypt:2)
  2 wolf spiders (shapeshifter)
  54 ugly things
  25 wolf spiders
  8 orc knights
  59 deep elf magi
  2 fauns (shapeshifter)
  A tengu skeleton (Depths:4)
  3 manticores (D:15)
  7 moths of wrath
  4 salamanders
  2 centaur zombies
  7 cyclopes
  A moth of wrath (shapeshifter) (Depths:2)
  A cyclops (shapeshifter) (Elf:3)
  A worldbinder (Zig:7)
  5 shining eyes
  2 torpor snails
  An apocalypse crab (Zig:7)
  A black mamba (shapeshifter) (Vaults:5)
  2 guardian serpents (shapeshifter) (Abyss:4)
  Joseph (D:7)
  An elf zombie (Depths:4)
  3 ice statues (IceCv)
  25 spiny frogs
  13 vault sentinels
  4 naga magi (Zig:10)
  12 black mambas
  2 eyes of devastation (Slime:2)
  6 orange demons
  2 gargoyles
  5 smoke demons
  56 yaktaurs
  2 efreet
  7 komodo dragons
  A kobold demonologist (D:12)
  5 tengu conjurers
  5 demonic crawlers
  11 ice devils (IceCv)
  An elf skeleton (Depths:5)
  10 freezing wraiths
  A rime drake (Lair:6)
  2 komodo dragons (shapeshifter)
  6 golden dragon simulacra
  8 trolls
  A pale draconian skeleton (Crypt:2)
  A guardian mummy (Zig:1)
  4 ancient zymes (Abyss:4)
  26 hornets
  A merfolk (shapeshifter) (D:11)
  17 jumping spiders
  10 tyrant leeches
  5 polar bears
  A meliai (shapeshifter) (Depths:2)
  A raiju (shapeshifter) (Vaults:4)
  9 raiju
  22 blink frogs
  7 bog bodies
  86 slime creatures
  A hippogriff (shapeshifter) (Zig:9)
  17 dream sheep
  2 fire dragon zombies
  10 hippogriffs
  2 dire elephant simulacra (IceCv)
  54 flying skulls
  15 tarantellas
  6 spriggans
  10 shadows
  14 air elementals
  4 water elementals
  2 spriggans (shapeshifter)
  A tarantella (shapeshifter) (Depths:1)
  10 wraiths
  31 yaks
  A yak (shapeshifter) (D:15)
  30 redbacks
  2 vampires
  12 wyverns
  A wyvern (shapeshifter) (Depths:2)
  2 hogs (Elf:1)
  5 ynoxinuls (Abyss:4)
  5 fire bats (Volcano)
  A golden eye (shapeshifter) (Zig:3)
  A golden eye (Abyss:4)
  2 chaos spawn
  3 neqoxecs
  18 vampire mosquitoes
  6 basilisks
  2 fire elementals
  A steam dragon (Volcano)
  The ghost of Darkins the Slasher, an amateur HuGl (D:4)
  A hungry ghost (D:11)
  A basilisk (shapeshifter) (Depths:2)
  16 swamp worms
  4 wargs (Orc:1)
  A naga (Zig:10)
  24 insubstantial wisps (Swamp:2)
  An acid dragon (Vaults:1)
  A spiny frog zombie (Crypt:1)
  A floating eye (shapeshifter) (Depths:2)
  14 water moccasins
  2 hydra simulacra (IceCv)
  3 swamp drakes
  7 porcupines
  A faun skeleton (Crypt:2)
  A floating eye (Depths:2)
  6 ice beasts
  An ice beast (shapeshifter) (Depths:4)
  4 sky beasts
  12 black bears
  2 ettin simulacra (IceCv)
  38 orc warriors
  A spriggan simulacrum (Zig:7)
  2 black bears (shapeshifter)
  A black mamba simulacrum (Crypt:1)
  4 eyes of draining
  6 necrophages
  9 boggarts
  5 phantoms
  33 centaurs
  30 ogres
  19 wolves
  19 crocodiles
  A crocodile (shapeshifter) (Depths:4)
  A manticore skeleton (Crypt:1)
  4 big kobolds
  25 bullfrogs
  2 wyvern zombies
  8 earth elementals
  A wyvern skeleton (D:10)
  4 scorpions
  11 small abominations
  16 killer bees
  A vampire bat (Orc:2)
  3 wights (D:6)
  4 howler monkeys
  3 electric eels
  10 crimson imps
  3 bullfrog zombies
  15 jellies
  17 orc priests
  5 centaur skeletons
  8 hounds
  4 quasits
  2 iron imps
  38 orc wizards
  4 bullfrog skeletons
  7 iguanas
  12 human skeletons (Vaults:4)
  10 worker ants
  A lightning spire (Zig:6)
  A mummy (Zig:1)
  4 worker ant zombies
  3 gnolls (D:6)
  25 adders
  9 shadow imps
  A white imp (Abyss:4)
  2 oozes
  An ufetubus (Abyss:4)
  An adder skeleton (D:5)
  2 worms (D:4)
  3 dart slugs
  3 leopard geckos
  113 orcs
  A ball python (D:7)
  15 bats
  A giant cockroach (D:1)
  8 goblins
  5 hobgoblins
  17 jackals
  37 kobolds
  2 quokkas
  7 frilled lizards
  A frilled lizard skeleton (Crypt:2)
  A jackal skeleton (D:5)
  An orc skeleton (Crypt:1)
  A quokka zombie (D:7)
  8 rats
  A briar patch (Swamp:1)
  17 fungi
  7 plants
  6 starspawn tentacles
2660 creatures vanquished.

Vanquished Creatures (collateral kills)
  A Killer Klown (Zot:5)
  An electric golem (Zot:5)
  A tentacled monstrosity (Zot:5)
  A quicksilver dragon (Zot:5)
  13 Orb Guardians (Zot:5)
  A titan (Depths:2)
  A death cob (Zot:5)
  4 storm dragons (Zot:5)
  A fire giant (shapeshifter) (Depths:2)
  A red draconian (Zot:5)
  An ettin (Depths:2)
  An ice dragon (Depths:2)
  An ogre mage (Depths:2)
  A deep troll earth mage (Depths:2)
  A deep troll (Depths:2)
  A cyclops (D:14)
  3 moths of wrath (Zot:5)
34 creatures vanquished.

Vanquished Creatures (others)
  An ancient lich (Zot:5)
  A tentacled monstrosity (Zot:5)
  6 Orb Guardians (Zot:5)
  2 fire giants
  A deep elf sorcerer (Elf:3)
  A vault warden (Vaults:5)
  A stone giant (Depths:4)
  A green draconian (Zot:5)
  A deep elf high priest (Elf:3)
  A yaktaur captain (Depths:2)
  A vault guard (Vaults:5)
  4 centaur warriors
  An ogre mage (Vaults:5)
  14 dancing weapons
  A deep elf knight (Elf:1)
  A soul eater (Zot:5)
  A salamander mystic (Zig:10)
  2 deep elf archers
  A cyclops (Vaults:1)
  A spiny frog (Swamp:4)
  16 yaktaurs
  3 hornets (Swamp:4)
  A slime creature (Slime:5)
  A hippogriff (D:11)
  A water elemental (Zig:9)
  A spriggan (Swamp:4)
  2 humans (Elf:1)
  A golden eye (Abyss:4)
  A neqoxec (Abyss:4)
  A swamp worm (Swamp:4)
  An ogre (Orc:2)
  5 centaurs
  A white imp (Zot:5)
  An ufetubus (Zot:5)
  A ball lightning (Crypt:3)
  2 orcs
  68 bushes (Depths:5)
  18 fungi
  66 plants
  7 starspawn tentacles
  5 toadstools (Swamp:1)
246 creatures vanquished.

Grand Total: 2940 creatures vanquished

Notes
Turn   | Place    | Note
-------+----------+-------------------------------------------
     0 | D:1      | Chiseanne the Demonspawn Wanderer began the quest for the Orb.
     0 | D:1      | Chiseanne set off with: a +2 hand axe, a scroll of teleportation, a +0 quarterstaff, a +0 robe, a bread ration
     0 | D:1      | Reached XP level 1. HP: 16/16 MP: 1/1
   451 | D:1      | Gained mutation: You have large cloven feet. [demonic ancestry]
   451 | D:1      | Reached XP level 2. HP: 16/23 MP: 2/2
  1655 | D:2      | Found a blossoming altar of Fedhas.
  1803 | D:2      | Reached XP level 3. HP: 28/28 MP: 3/3
  1985 | D:2      | Found a snail-covered altar of Cheibriados.
  2317 | D:2      | Found a basalt altar of Yredelemnul.
  2416 | D:2      | Reached skill level 1 in Spellcasting
  2578 | D:2      | Reached XP level 4. HP: 32/35 MP: 5/5
  3491 | D:3      | Found a sparkling altar of Nemelex Xobeh.
  3867 | D:3      | Gained mutation: You are partially covered in sharp spines. [demonic ancestry]
  3867 | D:3      | Reached XP level 5. HP: 39/41 MP: 5/7
  4250 | D:4      | Noticed a phantom
  4302 | D:4      | Killed a phantom
  4302 | D:4      | Reached XP level 6. HP: 31/48 MP: 7/10
  4499 | D:4      | Found a staircase to the Ecumenical Temple.
  4505 | Temple   | Entered the Ecumenical Temple
  4599 | Temple   | Became a worshipper of Gozag Ym Sagoz the Greedy
  4627 | D:4      | Noticed Darkins's ghost (amateur HuGl)
  4656 | D:5      | Entered Level 5 of the Dungeon
  4672 | D:5      | Found a shadowy altar of Dithmenos.
  4983 | D:5      | Gained mutation: You are mostly covered in sharp spines. [demonic ancestry]
  4983 | D:5      | Reached XP level 7. HP: 55/55 MP: 10/12
  5045 | D:5      | Reached skill level 5 in Fighting
  5603 | D:5      | Reached XP level 8. HP: 54/63 MP: 12/14
  6183 | D:5      | Reached skill level 5 in Dodging
  6524 | D:4      | Found Nirr's Jewellery Shop.
  6531 | D:4      | Bought the ring of Gozag's Generosity {rPois Dex+4} for 354 gold pieces
  6531 | D:4      | Bought a cursed ring of loudness for 45 gold pieces
  6957 | D:4      | Killed Darkins's ghost
  7528 | D:6      | Found an iron altar of Okawaru.
  8040 | D:6      | Gained mutation: When seriously injured, your bleeding wounds create armour. (AC +12) [demonic ancestry]
  8040 | D:6      | Reached XP level 9. HP: 71/71 MP: 15/15
  9247 | D:7      | Reached skill level 5 in Axes
  9248 | D:7      | Reached skill level 5 in Armour
  9691 | D:7      | Got a fine long sword
  9698 | D:7      | Identified the +4 long sword of Sulphur {pain, Int+2} (You found it on level 7 of the Dungeon)
  9843 | D:7      | Noticed Joseph
  9870 | D:7      | Killed Joseph
 10632 | D:8      | Gained mutation: When hurt, damage is shared between your health and your magic reserves. [demonic ancestry]
 10632 | D:8      | Reached XP level 10. HP: 75/80 MP: 16/16
 10633 | D:8      | Found a shimmering altar of Xom.
 11076 | D:8      | Found a glowing silver altar of Zin.
 11077 | D:8      | Found a deep blue altar of Sif Muna.
 11078 | D:8      | Found a shadowy altar of Dithmenos.
 11079 | D:8      | Found an iron altar of Okawaru.
 11098 | D:8      | Found Vaaz's Antique Weapon Emporium.
 11107 | D:8      | Bought a pitted war axe for 255 gold pieces
 11114 | D:8      | Identified the +3 war axe of Spite {chop, rN+ Dex+3} (You bought it in a shop on level 8 of the Dungeon)
 11201 | D:8      | Noticed a two-headed ogre
 11213 | D:8      | Killed a two-headed ogre
 12257 | D:9      | Found a staircase to the Lair.
 12430 | D:9      | Noticed a two-headed ogre
 12439 | D:9      | Killed a two-headed ogre
 12439 | D:9      | Gained mutation: You regenerate magic rapidly. [demonic ancestry]
 12439 | D:9      | Reached XP level 11. HP: 75/89 MP: 14/17
 12631 | D:9      | Found a bloodstained altar of Trog.
 12947 | D:8      | Bought a +3 chain mail of fire resistance for 371 gold pieces
 13093 | D:4      | Bought a +2 amulet of reflection for 75 gold pieces
 13325 | D:10     | Entered Level 10 of the Dungeon
 13816 | D:10     | Noticed a two-headed ogre
 13833 | D:10     | Killed a two-headed ogre
 14929 | D:11     | Noticed a glowing orange brain
 14929 | D:11     | a snapping turtle changed into a glowing orange brain
 14933 | D:11     | a glowing orange brain changed into a merfolk
 14943 | D:11     | Reached skill level 10 in Fighting
 15238 | D:11     | Noticed a centaur warrior
 15250 | D:11     | Killed a centaur warrior
 15297 | D:11     | Noticed an ogre mage
 15297 | D:11     | Noticed a cyan ugly thing
 15439 | D:10     | Learned a level 1 spell: Apportation
 15903 | D:11     | Killed an ogre mage
 15908 | D:11     | Noticed a tengu warrior
 15927 | D:11     | Killed a tengu warrior
 15927 | D:11     | Gained mutation: You have hoof-like feet. [demonic ancestry]
 15927 | D:11     | Reached XP level 12. HP: 51/98 MP: 13/18
 16890 | D:12     | Noticed a seven-headed hydra
 16896 | D:12     | Killed a four-headed hydra
 17007 | D:12     | Reached skill level 5 in Shields
 17184 | D:12     | Found a staircase to the Orcish Mines.
 17283 | D:12     | Noticed a two-headed ogre
 17732 | D:12     | Found a roughly hewn altar of Beogh.
 18403 | D:12     | Killed a two-headed ogre
 18799 | D:13     | Noticed a centaur warrior
 18809 | D:13     | Killed a centaur warrior
 18923 | D:13     | Bought a pair of transparent gloves for 304 gold pieces
 18923 | D:13     | Identified the +1 pair of gloves of Kleptomania {Dex+3} (You bought it in a shop on level 13 of the Dungeon)
 19153 | D:13     | Noticed Sonja
 19161 | D:13     | Killed Sonja
 19161 | D:13     | Reached skill level 10 in Armour
 19161 | D:13     | Reached XP level 13. HP: 100/106 MP: 19/19
 19594 | D:13     | Found a gate to the Vaults.
 19824 | D:14     | Got a smoking pewter ring
 19825 | D:14     | Identified the ring of the Original Sin {AC+5 Str+2 Dex+3} (You found it on level 14 of the Dungeon)
 19888 | D:12     | Bought the amulet "Kuosisua" {Reflect rPois Int+3 SH+3} for 398 gold pieces
 19969 | D:14     | Reached skill level 10 in Axes
 19970 | D:14     | Found Saniej's Armour Shop.
 20168 | D:14     | Found a stormy altar of Qazlal.
 20187 | D:14     | Noticed Snorg
 20353 | D:14     | Found Bajimoh's Bounteous Boutique.
 20669 | D:14     | Killed Snorg
 20970 | D:15     | Entered Level 15 of the Dungeon
 21358 | D:15     | Found a labyrinth entrance.
 21362 | Lab      | Entered a labyrinth
 21846 | Lab      | Noticed a minotaur
 21870 | Lab      | Killed a minotaur
 22375 | D:15     | Found a staircase to the Depths.
 22552 | D:15     | Gained mutation: You are completely covered in sharp spines. [demonic ancestry]
 22552 | D:15     | Reached XP level 14. HP: 89/115 MP: 17/20
 23146 | D:14     | Bought the cursed +0 pair of boots "Efaneng" {rC+ Str+6 Int-2} for 334 gold pieces
 23146 | D:14     | Bought a scroll of blinking for 105 gold pieces
 23146 | D:14     | Bought a potion of berserk rage for 70 gold pieces
 23146 | D:14     | Bought a bread ration for 70 gold pieces
 23146 | D:14     | Bought a potion of brilliance for 56 gold pieces
 23307 | Lair:1   | Entered Level 1 of the Lair of Beasts
 23586 | Lair:1   | Noticed Gastronok
 23599 | Lair:1   | Killed Gastronok
 24397 | Lair:2   | Got a smoking flail
 24398 | Lair:2   | Identified the +7 flail of the Warrior {antimagic, +Inv rF- Str+4} (You found it on level 2 of the Lair of Beasts)
 25014 | Lair:3   | Found a staircase to the Swamp.
 25492 | Lair:3   | Found a hole to the Spider Nest.
 25927 | Lair:4   | Reached skill level 10 in Dodging
 26795 | Lair:6   | Entered Level 6 of the Lair of Beasts
 26838 | Lair:6   | Got a glittering iron ring
 26839 | Lair:6   | Identified the ring "Tuajaj" {*Contam *Corrode rN++ Str+2 Int+4} (You found it on level 6 of the Lair of Beasts)
 27083 | Lair:6   | Gained mutation: You have hooves in place of feet. [demonic ancestry]
 27083 | Lair:6   | Reached XP level 15. HP: 70/120 MP: 14/21
 27341 | Lair:6   | Reached skill level 10 in Shields
 27389 | Lair:6   | Found a white marble altar of Elyvilon.
 27802 | Lair:6   | Found a staircase to the Slime Pits.
 27803 | Lair:6   | Found a viscous altar of Jiyva.
 28699 | Swamp:1  | Entered Level 1 of the Swamp
 30687 | Swamp:4  | Entered Level 4 of the Swamp
 30819 | Swamp:4  | Paralysed by a hornet for 1 turns
 31448 | Swamp:4  | Reached XP level 16. HP: 93/127 MP: 22/22
 31472 | Swamp:4  | Noticed a tentacled monstrosity
 31534 | Swamp:4  | Killed a tentacled monstrosity
 32200 | Swamp:4  | Got a decaying rune of Zot
 32330 | Swamp:1  | Noticed a thorn hunter
 32363 | Swamp:1  | Killed a thorn hunter
 32607 | Spider:1 | Entered Level 1 of the Spider Nest
 33997 | Spider:3 | Found a frozen archway.
 34038 | IceCv    | Entered an ice cave
 36145 | IceCv    | Identified the +3 leather armour "Forischir" {-Cast rC++ Int+6} (You found it in an ice cave)
 36341 | Spider:4 | Entered Level 4 of the Spider Nest
 37283 | Spider:4 | Reached XP level 17. HP: 94/133 MP: 20/23
 37738 | Spider:4 | Got a gossamer rune of Zot
 39746 | Depths:1 | Entered Level 1 of the Depths
 40595 | Depths:1 | Found a gateway to Hell.
 40794 | D:15     | Bought the +9 scales of the Dragon King {rPois rF+ rC+ MR+} for 4492 gold pieces
 41936 | Depths:1 | Gained mutation: When seriously injured, your bleeding wounds create thick armour. (AC +12) [demonic ancestry]
 41936 | Depths:1 | Reached XP level 18. HP: 57/140 MP: 14/24
 42912 | Depths:2 | Reached skill level 15 in Armour
 42962 | Depths:2 | Reached skill level 15 in Axes
 43497 | Depths:2 | Found a hide-covered altar of Uskayaw.
 43499 | Depths:2 | Found a burning altar of Makhleb.
 43500 | Depths:2 | Found a one-way gate to the infinite horrors of the Abyss.
 43959 | Depths:2 | Found a sparkling altar of Nemelex Xobeh.
 44066 | Depths:2 | Noticed a caustic shrike
 44088 | Depths:2 | Killed a caustic shrike
 44125 | Depths:2 | Noticed a caustic shrike
 44151 | Depths:2 | Killed a caustic shrike
 44153 | Depths:2 | Noticed a caustic shrike
 44172 | Depths:2 | Killed a caustic shrike
 44577 | Depths:2 | Noticed a tentacled monstrosity
 44587 | Depths:2 | Killed a tentacled monstrosity
 45570 | Depths:2 | Reached XP level 19. HP: 61/146 MP: 25/25
 46042 | Depths:2 | Noticed Aizul
 46063 | Depths:2 | Killed Aizul
 46791 | Depths:2 | Paralysed by an ogre mage for 5 turns
 47159 | Depths:2 | Reached skill level 15 in Shields
 48172 | Depths:2 | Paralysed by a floating eye for 3 turns
 48226 | Depths:2 | Got a pair of slimy gloves
 48227 | Depths:2 | Identified the +2 pair of gloves of Paranoia {Str+2 Int+6} (You found it on level 2 of the Depths)
 48279 | Depths:2 | Got a brightly glowing bone ring
 48721 | D:14     | Bought a scroll of brand weapon for 280 gold pieces
 48839 | D:15     | Identified the ring of Etash {rCorr Str+4} (You took it off a deep elf high priest on level 2 of the Depths)
 48878 | D:15     | Gained mutation: When low on magic, you restore magic in place of health. [demonic ancestry]
 48878 | D:15     | Reached XP level 20. HP: 145/153 MP: 26/26
 49895 | Depths:3 | Reached XP level 21. HP: 150/159 MP: 25/27
 49929 | Depths:3 | Found a one-way gate leading to the halls of Pandemonium.
 50747 | D:15     | Bought an encrusted helmet for 190 gold pieces
 50747 | D:15     | Identified the +1 helmet of the Midnight Sun {Int+3} (You bought it in a shop on level 15 of the Dungeon)
 51070 | Depths:4 | Found Qirivvic's Jewellery Emporium.
 51070 | Depths:4 | Found Couc's Gadget Boutique.
 51071 | Depths:4 | Found Odybais's Jewellery Emporium.
 51115 | Depths:4 | Bought a cursed ring of teleportation for 67 gold pieces
 51400 | Depths:4 | Noticed Louise
 51411 | Depths:4 | Killed Louise
 51777 | Depths:4 | Found a gateway to a ziggurat.
 51817 | Depths:4 | Noticed Jorgrun
 51832 | Depths:4 | Killed Jorgrun
 52137 | Depths:4 | Found a glowing golden altar of the Shining One.
 52411 | Depths:5 | Entered Level 5 of the Depths
 52434 | Depths:5 | Noticed a juggernaut
 52787 | Depths:4 | Killed a juggernaut
 54347 | Depths:4 | Gained mutation: When seriously injured, your bleeding wounds create very thick armour. (AC +12) [demonic ancestry]
 54347 | Depths:4 | Reached XP level 22. HP: 131/165 MP: 25/28
 56025 | Depths:5 | Found a gate to the Realm of Zot.
 56870 | Depths:5 | Noticed an ancient lich
 57135 | Depths:4 | Killed an ancient lich
 58155 | Depths:5 | Identified the Almanac of the Special Moons
 58461 | Depths:5 | Identified the Reference Book on Black Arts
 58738 | Orc:1    | Entered Level 1 of the Orcish Mines
 58939 | Orc:1    | Found a dark tunnel.
 58989 | Volcano  | Entered a volcano
 59483 | Orc:1    | Found Laoron's Antique Armour Emporium.
 59588 | Orc:2    | Entered Level 2 of the Orcish Mines
 59588 | Orc:2    | Found Maorghil's Food Shoppe.
 59630 | Orc:2    | Bought a meat ration for 65 gold pieces
 59630 | Orc:2    | Bought a meat ration for 65 gold pieces
 59630 | Orc:2    | Bought a meat ration for 65 gold pieces
 59630 | Orc:2    | Bought a meat ration for 65 gold pieces
 59630 | Orc:2    | Bought 4 fruits for 78 gold pieces
 59630 | Orc:2    | Bought a royal jelly for 26 gold pieces
 59630 | Orc:2    | Bought a bread ration for 65 gold pieces
 59630 | Orc:2    | Bought a fruit for 19 gold pieces
 59630 | Orc:2    | Bought 4 fruits for 78 gold pieces
 59708 | Orc:2    | Found Woasmauw's Food Boutique.
 59971 | Orc:2    | Found a staircase to the Elven Halls.
 60165 | Orc:2    | Found Nega's Gadget Emporium.
 60196 | Orc:2    | Found a radiant altar of Vehumet.
 60213 | Orc:2    | Found Ickery's Magic Scroll Shoppe.
 60239 | Orc:2    | Noticed Nergalle
 60240 | Orc:2    | Found an ancient bone altar of Kikubaaqudgha.
 60248 | Orc:2    | Killed Nergalle
 60267 | Orc:2    | Bought 3 scrolls of acquirement for 2028 gold pieces
 60267 | Orc:2    | Bought a scroll of identify for 26 gold pieces
 60267 | Orc:2    | Bought a scroll of immolation for 45 gold pieces
 60267 | Orc:2    | Bought a scroll of enchant armour for 97 gold pieces
 60267 | Orc:2    | Bought a scroll of blinking for 97 gold pieces
 60354 | Orc:2    | Found a roughly hewn altar of Beogh.
 60354 | Orc:2    | Found Xuphopp's Antique Armour Emporium.
 60357 | Orc:2    | Found Riubum's Magic Scroll Shoppe.
 60389 | Orc:2    | Bought a pair of translucent gloves for 247 gold pieces
 60390 | Orc:2    | Identified the +1 pair of gloves of the Inquisitive Wars {Regen+} (You bought it in a shop on level 2 of the Orcish Mines)
 60414 | Orc:2    | Bought a scroll of silence for 105 gold pieces
 60414 | Orc:2    | Bought a scroll of summoning for 133 gold pieces
 60414 | Orc:2    | Bought a scroll of identify for 28 gold pieces
 60414 | Orc:2    | Bought a scroll of fog for 28 gold pieces
 60414 | Orc:2    | Bought a scroll of teleportation for 42 gold pieces
 60414 | Orc:2    | Bought a scroll of identify for 28 gold pieces
 60414 | Orc:2    | Bought a scroll of fear for 49 gold pieces
 60414 | Orc:2    | Bought 3 scrolls of blinking for 315 gold pieces
 60414 | Orc:2    | Bought a scroll of teleportation for 42 gold pieces
 60555 | Elf:1    | Entered Level 1 of the Elven Halls
 60639 | Elf:1    | Noticed Kirke
 60651 | Elf:1    | Killed Kirke
 60688 | Elf:1    | Noticed Nikola
 60713 | Elf:1    | Killed Nikola
 60877 | Elf:1    | Identified the Collected Works on Companions
 61499 | Elf:2    | Noticed Agnes
 61511 | Elf:2    | Killed Agnes
 61511 | Elf:2    | Gained mutation: Your flesh is heat resistant. (rF+) [demonic ancestry]
 61511 | Elf:2    | Reached XP level 23. HP: 152/171 MP: 25/29
 61748 | Elf:2    | Found a huge runed gate.
 61748 | Elf:2    | Found a huge runed gate.
 61749 | Elf:2    | Found a huge runed gate.
 61936 | Elf:3    | Entered Level 3 of the Elven Halls
 61973 | Elf:3    | Found an ancient bone altar of Kikubaaqudgha.
 62367 | Elf:3    | Noticed Bai Suzhen
 62400 | Elf:3    | Killed Bai Suzhen
 62826 | Elf:3    | Identified the +2 leather armour of the Well-Known Wars {Str+7} (You took it off a deep elf annihilator on level 3 of the Elven Halls)
 63157 | Elf:3    | Got a vibrating granite ring
 63197 | Elf:3    | Identified the ring of Xom's Recklessness {Fire Int+3} (You took it off a deep elf death mage on level 3 of the Elven Halls)
 63354 | Elf:3    | Identified Ropsasoox's Handbook of Summoning and Flight
 63427 | Elf:3    | Got a pitted helmet
 63428 | Elf:3    | Identified the cursed +0 helmet "Xues" {rPois MR+ MP+9 Str-2} (You found it on level 3 of the Elven Halls)
 63452 | Elf:3    | Identified the cursed +1 ring mail of Insatiable Hunger {*Drain rPois MP+9 Stlth+} (You found it on level 3 of the Elven Halls)
 63454 | Elf:3    | Identified the +6 chain mail of the Shore {MR+} (You found it on level 3 of the Elven Halls)
 63952 | Vaults:1 | Entered Level 1 of the Vaults
 65341 | Vaults:3 | Gained mutation: You are immune to clouds of flame. [demonic ancestry]
 65341 | Vaults:3 | Reached XP level 24. HP: 167/178 MP: 27/29
 65498 | Vaults:3 | Found a staircase to the Crypt.
 65512 | Vaults:3 | Found Seamec's Antique Armour Emporium.
 65517 | Vaults:3 | Bought the +3 crown of Dyrovepreva {rElec Int+2 SInv} for 1614 gold pieces
 65849 | Vaults:4 | Found Siutzidd's Armour Shop.
 66717 | Vaults:5 | Entered Level 5 of the Vaults
 67072 | Vaults:4 | Noticed Frederick
 67082 | Vaults:4 | Killed Frederick
 67463 | Vaults:5 | Reached XP level 25. HP: 75/184 MP: 13/29
 67998 | Vaults:5 | Cast into level 4 of the Abyss (a lich)
 68053 | Abyss:4  | Found a corrupted altar of Lugonu.
 68150 | Abyss:4  | Paralysed by a great orb of eyes for 4 turns
 68280 | Abyss:4  | Gained mutation: You are weak. (Str -2) [a neqoxec]
 68338 | Abyss:4  | Gained mutation: Scrolls take you a little longer to read. [a cacodemon]
 68649 | Abyss:4  | Gained mutation: You sometimes yell uncontrollably at your foes. [a neqoxec]
 68651 | Vaults:5 | Escaped the Abyss
 69005 | Vaults:5 | Learned a level 3 spell: Lesser Beckoning
 69007 | Vaults:5 | Learned a level 1 spell: Summon Butterflies
 69137 | Vaults:5 | Got a silver rune of Zot
 69421 | Vaults:5 | Lost mutation: You are weak. (Str -2) [potion of mutation]
 69421 | Vaults:5 | Lost mutation: Scrolls take you a little longer to read. [potion of mutation]
 69421 | Vaults:5 | Lost mutation: You occasionally shout uncontrollably at your foes. [potion of mutation]
 69421 | Vaults:5 | Gained mutation: You have a pair of small antennae on your head. [potion of mutation]
 69421 | Vaults:5 | Gained mutation: Your flesh is cold resistant. (rC+) [potion of mutation]
 69521 | Vaults:5 | Found Zuxuet's Antique Armour Boutique.
 69593 | Vaults:5 | Identified the ring "Qayts" {rElec rF+ rC+ MR-} (You found it on level 5 of the Vaults)
 70137 | Crypt:1  | Entered Level 1 of the Crypt
 70706 | Crypt:3  | Entered Level 3 of the Crypt
 70998 | Crypt:3  | Found an ancient bone altar of Kikubaaqudgha.
 71044 | Crypt:3  | Noticed Mara
 71059 | Crypt:3  | Noticed Chiseanne's illusion
 71108 | Crypt:3  | Killed Mara
 71434 | Crypt:3  | Gained mutation: You can hurl damnation. [demonic ancestry]
 71434 | Crypt:3  | Reached XP level 26. HP: 109/191 MP: 20/29
 71774 | Crypt:3  | Identified the Catalogue of Evil
 71839 | Crypt:3  | Identified the +0 pair of gloves "Agiu" {-Cast +Inv Int+2 Dex+7} (You found it on level 3 of the Crypt)
 72265 | Crypt:3  | Found a staircase to the Tomb.
 72696 | D:15     | Bought a runed broad axe for 231 gold pieces
 72978 | Slime:1  | Entered Level 1 of the Pits of Slime
 73439 | Slime:3  | Noticed Dissolution
 73440 | Slime:3  | Gained mutation: Potions are less effective at restoring your health. [a shining eye]
 73442 | Slime:3  | Gained mutation: You tend to lose your temper in combat. [a shining eye]
 73443 | Slime:3  | Paralysed by a floating eye for 3 turns
 73462 | Slime:3  | Paralysed by a floating eye for 2 turns
 73467 | Slime:3  | Killed Dissolution
 73510 | Slime:4  | Reached skill level 15 in Dodging
 73545 | Slime:5  | Entered Level 5 of the Pits of Slime
 73565 | Slime:5  | Noticed the Royal Jelly
 74973 | Slime:5  | Gained mutation: Your body sometimes deteriorates upon taking damage. [a shining eye]
 74976 | Slime:4  | Gained mutation: You have an increased reservoir of magic. (+10% MP) [a shining eye]
 75293 | Slime:4  | HP: 9/191 [acid blob/exploding inner flame[the player character] (13)]
 76106 | D:15     | Lost mutation: You tend to lose your temper in combat. [potion of mutation]
 76106 | D:15     | Lost mutation: Potions are less effective at restoring your health. [potion of mutation]
 76106 | D:15     | Gained mutation: Your system is resistant to poisons. (rPois) [potion of mutation]
 76106 | D:15     | Gained mutation: Your spells are a little harder to cast, but a little more powerful. [potion of mutation]
 76106 | D:15     | Gained mutation: Your flesh is very heat resistant. (rF++) [potion of mutation]
 76107 | D:15     | Lost mutation: Your spells are a little harder to cast, but a little more powerful. [potion of mutation]
 76107 | D:15     | Lost mutation: Your body sometimes deteriorates upon taking damage. [potion of mutation]
 76107 | D:15     | Lost mutation: You have a pair of small antennae on your head. [potion of mutation]
 76107 | D:15     | Gained mutation: You passively map a small area around you. [potion of mutation]
 77020 | Slime:5  | Lost mutation: You have an increased reservoir of magic. (+10% MP) [a shining eye]
 77020 | Slime:5  | Gained mutation: Your spells are a little easier to cast, but a little less powerful. [a shining eye]
 77024 | Slime:5  | Gained mutation: You expend magic power (3 MP) to strengthen your wands. [a shining eye]
 77036 | Slime:5  | Lost mutation: Your spells are a little easier to cast, but a little less powerful. [a shining eye]
 77038 | Slime:5  | Gained mutation: Your body sometimes deteriorates upon taking damage. [a shining eye]
 77040 | Slime:5  | Gained mutation: Your magical capacity is low. (-10% MP) [a shining eye]
 77142 | Slime:5  | Found a viscous altar of Jiyva.
 77183 | Slime:5  | Gained mutation: You occasionally shout uncontrollably at your foes. [a shining eye]
 77262 | Slime:5  | Killed the Royal Jelly
 77518 | Slime:5  | Lost mutation: You passively map a small area around you. [potion of mutation]
 77518 | Slime:5  | Lost mutation: You expend magic power (3 MP) to strengthen your wands. [potion of mutation]
 77518 | Slime:5  | Lost mutation: You occasionally shout uncontrollably at your foes. [potion of mutation]
 77518 | Slime:5  | Lost mutation: Your system is resistant to poisons. (rPois) [potion of mutation]
 77518 | Slime:5  | Lost mutation: Your magical capacity is low. (-10% MP) [potion of mutation]
 77518 | Slime:5  | Lost mutation: Your flesh is cold resistant. (rC+) [potion of mutation]
 77518 | Slime:5  | Lost mutation: Your body sometimes deteriorates upon taking damage. [potion of mutation]
 77518 | Slime:5  | Gained mutation: You are resistant to hostile enchantments. (MR+) [potion of mutation]
 77541 | Slime:5  | Got a slimy rune of Zot
 78105 | Zig:1    | Entered Level 1 of a ziggurat
 78139 | Zig:2    | Entered Level 2 of a ziggurat
 78173 | Zig:3    | Entered Level 3 of a ziggurat
 78221 | Zig:3    | Reached XP level 27. HP: 197/197 MP: 29/30
 78226 | Zig:4    | Entered Level 4 of a ziggurat
 78245 | Zig:4    | Got a serpentine zirconium amulet
 78249 | Zig:4    | Identified the amulet "Ytzoeq" {Spirit rC+ rN++ Int+3} (You found it on level 4 of a ziggurat)
 78251 | Zig:5    | Entered Level 5 of a ziggurat
 78316 | Zig:6    | Entered Level 6 of a ziggurat
 78324 | Zig:6    | Noticed Cidghiku the pandemonium lord
 78336 | Zig:6    | Killed Cidghiku the pandemonium lord
 78373 | Zig:6    | Reached skill level 5 in Spellcasting
 78373 | Zig:6    | Reached skill level 5 in Evocations
 78539 | Zig:6    | Identified the +9 war axe of the Wasp {speed, Str-5 Int+3 Dex+4 Stlth+} (You found it on level 6 of a ziggurat)
 78542 | Zig:7    | Entered Level 7 of a ziggurat
 78597 | Zig:7    | Identified the +3 broad axe of Checks and Balances {chop, *Drain rN+ MR+ Int+2} (You found it on level 7 of a ziggurat)
 78701 | Zig:8    | Entered Level 8 of a ziggurat
 78708 | Zig:8    | Noticed Ydugesei the pandemonium lord
 78727 | Zig:8    | Killed Ydugesei the pandemonium lord
 78966 | Zig:9    | Entered Level 9 of a ziggurat
 79067 | Zig:10   | Entered Level 10 of a ziggurat
 79202 | Zig:11   | Entered Level 11 of a ziggurat
 79209 | Zig:11   | Noticed Kummiub the pandemonium lord
 79219 | Zig:11   | Got a glittering bronze ring
 79396 | Depths:4 | Identified the ring "Roupn" {rF- rN+ Int+3 Dex+8 SInv} (You found it on level 11 of a ziggurat)
 79650 | Zot:1    | Entered Level 1 of the Realm of Zot
 79676 | Zot:1    | Identified the +9 morningstar of Ifuduez {crush, -Tele rElec Int+3 Stlth+} (You found it on level 1 of the Realm of Zot)
 80269 | Zot:5    | Entered Level 5 of the Realm of Zot
 80336 | Zot:5    | Noticed an orb of fire
 80337 | Zot:5    | Noticed an orb of fire
 80342 | Zot:5    | Noticed an orb of fire
 80344 | Zot:5    | Noticed an orb of fire
 80345 | Zot:5    | Gained mutation: You are frail. (-10% HP) [an orb of fire]
 80360 | Zot:5    | Gained mutation: You do not regenerate when monsters are visible. [an orb of fire]
 80370 | Zot:5    | Gained mutation: You are dopey. (Int -2) [an orb of fire]
 80372 | Zot:5    | Killed an orb of fire
 80381 | Zot:5    | Gained mutation: You are very dopey. (Int -4) [an orb of fire]
 80402 | Zot:5    | Killed an orb of fire
 80589 | Zot:5    | Lost mutation: You do not regenerate when monsters are visible. [potion of mutation]
 80589 | Zot:5    | Lost mutation: You are resistant to hostile enchantments. (MR+) [potion of mutation]
 80589 | Zot:5    | Lost mutation: You are very dopey. (Int -4) [potion of mutation]
 80589 | Zot:5    | Lost mutation: You are frail. (-10% HP) [potion of mutation]
 80589 | Zot:5    | Gained mutation: Your natural rate of healing is unusually fast. [potion of mutation]
 80589 | Zot:5    | Gained mutation: You are agile. (Dex +2) [potion of mutation]
 80605 | Zot:5    | Gained mutation: You are somewhat resistant to further mutation. [an orb of fire]
 80648 | Zot:5    | Killed an orb of fire
 80789 | Zot:5    | Noticed an ancient lich
 80791 | Zot:5    | Noticed an ancient lich
 80792 | Zot:5    | Noticed an orb of fire
 80797 | Zot:5    | Killed an ancient lich
 80801 | Zot:5    | Killed an ancient lich
 80839 | Zot:5    | Killed an orb of fire
 80848 | Zot:5    | Gained mutation: You occasionally shout uncontrollably at your foes. [an orb of fire]
 80851 | Zot:5    | Killed an orb of fire
 80940 | Zot:5    | Got the Orb of Zot
 81077 | Zot:5    | Noticed an orb of fire
 81161 | Zot:5    | Noticed Qaletagg the pandemonium lord
 81166 | Zot:5    | Noticed Unixebb the pandemonium lord
 81193 | Zot:5    | Killed from afar by a balrug

Skill      XL: |  1  2  3  4  5  6  7  8  9 10 11 12 13 14 15 16 17 18 19 20 21 22 23 24 25 26 27 |
---------------+----------------------------------------------------------------------------------+-----
Dodging        | 2 3 4 5 6 8 9 10 11 12 13 14 15 17 | 17.5
Fighting       | 3 4 5 6 7 9 10 11 12 | 12.1
Spellcasting   | 1 2 3 4 5 |  5.5
Armour         | 2 4 5 7 8 10 11 12 13 14 15 16 17 18 19 20 21 22 23 | 23.7
Axes           | 4 5 7 8 9 10 11 12 13 14 15 16 17 18 19 20 21 | 21.2
Shields        | 4 6 8 9 11 12 13 14 15 17 18 19 20 21 23 | 23.1
Throwing       | 2 3 4 |  4.7
Evocations     | 3 4 5 |  5.3
Staves         | |  1.0

Action                   |  1- 3 |  4- 6 |  7- 9 | 10-12 | 13-15 | 16-18 | 19-21 | 22-24 | 25-27 || total
-------------------------+-------+-------+-------+-------+-------+-------+-------+-------+-------++-------
Melee: Hand axe          |   116 |   126 |   414 |    12 |   126 |   189 |       |       |       ||   983
       Kick              |    15 |     2 |       |       |   315 |  1034 |   597 |   950 |  1341 ||  4254
       Long sword        |       |       |    10 |       |       |       |       |       |       ||    10
       War axe           |       |       |       |   627 |  1340 |  1801 |   460 |   226 |   239 ||  4693
       Scimitar          |       |       |       |     4 |       |       |       |       |       ||     4
       Broad axe         |       |       |       |       |       |       |   703 |  1836 |  2307 ||  4846
 Fire: Blowgun           |       |       |    13 |       |     9 |     3 |       |       |       ||    25
Throw: Throwing net      |       |     1 |     1 |       |       |       |       |       |       ||     2
       Tomahawk          |       |       |       |       |     5 |    13 |       |     6 |       ||    24
       Javelin           |       |       |       |       |       |       |       |       |     6 ||     6
Invok: Call Merchant     |       |       |     1 |     2 |       |     1 |     2 |     3 |     3 ||    12
       Potion Petition   |       |       |       |       |       |     1 |     1 |       |     5 ||     7
       Bribe Branch      |       |       |       |       |       |       |       |       |     1 ||     1
 Abil: Hurl Damnation    |       |       |       |       |       |       |       |       |    15 ||    15
Evoke: Wand              |       |       |     2 |    17 |     2 |    32 |     5 |     9 |       ||    67
       Lamp of fire      |       |       |       |     1 |     1 |     3 |     2 |     1 |     1 ||     9
       Fan of gales      |       |       |       |       |     1 |     1 |       |       |     2 ||     4
       Lightning rod     |       |       |       |       |       |     6 |     2 |     4 |       ||    12
       Phantom mirror    |       |       |       |       |       |       |       |     1 |       ||     1
       Sack of spiders   |       |       |       |       |       |       |       |       |     6 ||     6
       Box of beasts     |       |       |       |       |       |       |       |       |     1 ||     1
       Phial of floods   |       |       |       |       |       |       |       |       |     1 ||     1
  Use: Potion            |     3 |       |     2 |     4 |     2 |    12 |     2 |     7 |    19 ||    51
       Scroll            |       |     9 |     6 |    10 |    18 |     8 |    19 |    20 |    33 ||   123
 Stab: Held in net/web   |       |       |     1 |       |       |       |       |       |       ||     1
       Distracted        |       |       |     4 |     5 |    14 |    18 |     9 |    27 |    38 ||   115
       Confused          |       |       |       |     2 |       |       |       |       |       ||     2
       Paralysed         |       |       |       |       |       |     1 |     1 |       |       ||     2
       Invisible         |       |       |       |       |       |    29 |       |       |    13 ||    42
  Eat: Chunk             |     5 |     6 |       |       |       |       |       |       |       ||    11
       Fruit             |       |     9 |     1 |     3 |     8 |       |     4 |     9 |     3 ||    37
       Royal jelly       |       |       |     3 |     5 |     3 |     1 |     1 |     3 |     8 ||    24
       Bread ration      |       |       |     2 |     3 |     7 |     7 |     2 |     3 |     6 ||    30
       Meat ration       |       |       |       |       |       |     3 |     3 |     3 |     2 ||    11
Armor: Robe              |    36 |    38 |       |       |       |       |       |       |       ||    74
       Ring mail         |       |     9 |    10 |       |       |       |       |       |       ||    19
       Scale mail        |       |       |   122 |    79 |       |       |       |       |       ||   201
       Chain mail        |       |       |       |   232 |   582 |   509 |       |       |       ||  1323
       Skin              |       |       |       |    78 |       |       |       |       |       ||    78
       Gold dragon scale |       |       |       |       |       |   408 |   515 |   614 |  1273 ||  2810
Dodge: Dodged            |    83 |    94 |   183 |   301 |   411 |   631 |   280 |   329 |   788 ||  3100
       Deflected         |       |       |       |       |     6 |    21 |    19 |    51 |    53 ||   150
Block: Buckler           |       |       |       |   231 |    11 |       |       |       |       ||   242
       Reflection        |       |       |       |    11 |    39 |    44 |    64 |   149 |    79 ||   386
       Large shield      |       |       |       |       |  1627 |  2301 |  1315 |  2040 |  3328 || 10611
       Rpst.: Long sword |       |       |     1 |       |       |       |       |       |       ||     1
       Scimitar          |       |       |       |     2 |       |       |       |       |       ||     2
